Map: Deathaura LE

Players

MeomaikA

  • Race: Zerg Zerg
  • League: Grandmaster
  • Spawn Location: 11:00

piglet - Winner!

  • Race: Terran Terran
  • League: Grandmaster
  • Spawn Location: 5:00

Event: DreamHack SC2 Masters 2020 Fall

VOD

Have the link to the VOD?

Description

Time

  • Played on: Aug. 26, 2020, 7:23 a.m.
  • Length: 15:01

All games in this series

Show
View Real Time Build Order
Export as new Build Order

MeomaikA Zerg 

Build Orders: Hatch First 

Get SALT Encoding   

  12  0:00  Drone  
  13  0:08  Drone  
  14  0:16  Overlord  
  14  0:28  Drone, Extractor  
  13  0:35  Drone x2  
  17  0:52  Hatchery  
  17  0:55  Drone  
  17  1:08  Spawning Pool  
  17  1:11  Drone  
  17  1:13  Extractor  
  17  1:15  Drone  
  17  1:18  Drone  
  18  1:26  Drone  
  19  1:37  Overlord  
  19  1:48  Drone  
  20  1:55  Queen  
  20  1:56  Roach Warren  
  20  1:59  Zergling x2  
  22  2:05  Queen  
  24  2:13  Drone x2  
  26  2:48  Roach x5  
  26  2:50  Overlord  
  36  3:05  Overlord  
  35  3:10  Lair, Drone x4  
  35  3:11  Drone  
  40  3:17  Extractor  
  40  3:18  Drone x2  
  41  3:20  Drone  
  41  3:24  Drone  
  43  3:27  Drone  
  43  3:32  Overlord  
  44  3:35  Drone  
  45  3:42  Drone  
  45  3:43  Drone  
  45  3:45  Drone x2  
  45  3:46  Drone  
  50  3:52  Drone x2  
  50  3:53  Drone  
  53  4:06  Extractor  
  53  4:07  Drone x3  
  53  4:08  Spire  
  54  4:13  Drone  
  54  4:15  Drone x2  
  54  4:17  Metabolic Boost  
  57  4:18  Zergling x2  
  57  4:21  Zergling x2  
  57  4:24  Overlord  
  59  4:27  Overlord  
  59  4:36  Overseer  
  59  4:44  Spore Crawler  
  59  4:45  Hatchery  
  57  4:46  Zergling x6  
  57  4:48  Zergling x2  
  57  4:49  Zergling x2  
  62  4:54  Drone x3  
  62  4:59  Extractor  
  64  5:18  Queen  
  64  5:21  Mutalisk x4  
  66  5:22  Overlord  
  66  5:23  Zergling x2, Overlord  
  66  5:24  Overseer  
  75  5:32  Spore Crawler, Drone  
  75  5:43  Roach x4  
  75  5:44  Roach, Glial Reconstitution  
  85  5:50  Roach  
  85  5:56  Roach x2  
  91  5:58  Roach x3  
  97  6:06  Drone  
  97  6:07  Overlord  
  97  6:08  Overlord  
  97  6:11  Overlord  
  98  6:15  Roach  
  98  6:27  Drone x5  
  98  6:32  Roach x4  
  113  6:33  Roach, Drone  
  114  6:43  Roach  
  114  6:44  Drone x5  
  114  6:46  Overseer, Drone  
  122  6:47  Overlord  
  122  6:51  Spore Crawler  
  121  6:55  Evolution Chamber, Drone  
  121  6:57  Drone  
  122  7:01  Overlord  
  122  7:04  Drone, Extractor  
  122  7:05  Overlord, Extractor  
  121  7:10  Overlord  
  121  7:19  Roach x3  
  121  7:20  Roach x2  
  121  7:21  Roach x2  
  135  7:23  Roach  
  135  7:29  Roach x2  
  141  7:33  Overlord x2  
  141  7:34  Overlord  
  141  7:42  Overlord  
  141  7:46  Zerg Missile Weapons Level 1  
  141  7:53  Ravager x8  
  141  7:54  Ravager x2, Roach  
  141  7:55  Zergling x8, Roach  
  141  7:56  Zergling x4  
  161  7:58  Zergling x2  
  161  8:01  Zergling x4  
  161  8:05  Zergling x2  
  165  8:06  Zergling x2  
  165  8:07  Zergling x2  
  167  8:16  Zergling x4  
  167  8:18  Zergling x2  
  170  8:26  Zergling x2  
  162  8:27  Zergling x2  
  162  8:30  Zergling x4  
  162  8:31  Zergling x4  
  162  8:33  Zergling x4  
  135  8:38  Roach  
  135  8:40  Roach  
  109  8:41  Roach  
  109  8:45  Overseer  
  109  8:46  Zerg Flyer Weapons Level 1  
  98  8:49  Drone  
  98  8:51  Drone  
  98  8:52  Drone  
  99  8:58  Hatchery  
  99  9:00  Drone  
  99  9:01  Drone  
  99  9:02  Drone  
  90  9:11  Drone  
  90  9:12  Drone  
  90  9:13  Drone  
  90  9:14  Drone  
  90  9:15  Drone x2  
  96  9:18  Drone x3  
  96  9:23  Drone x2  
  100  9:25  Drone  
  100  9:30  Roach x2  
  100  9:31  Roach  
  106  9:34  Drone  
  103  9:43  Mutalisk x3  
  103  9:44  Mutalisk x2  
  113  9:46  Mutalisk x4  
  113  9:47  Mutalisk  
  113  9:48  Mutalisk  
  113  9:50  Zerg Missile Weapons Level 2  
  125  9:53  Roach  
  125  9:54  Mutalisk x2  
  125  9:59  Drone x2  
  133  10:03  Drone  
  134  10:09  Roach x2  
  134  10:10  Overlord, Drone  
  134  10:14  Spore Crawler  
  138  10:17  Roach, Extractor x2  
  138  10:18  Roach  
  140  10:22  Roach x2  
  140  10:23  Roach  
  145  10:36  Roach x2  
  145  10:37  Roach x7  
  145  10:39  Drone  
  145  10:40  Evolution Chamber, Drone  
  164  10:44  Overlord  
  164  10:45  Drone x2  
  164  10:46  Drone  
  164  10:47  Hatchery  
  166  10:50  Overlord  
  166  10:56  Overlord x2  
  165  11:07  Roach x2  
  163  11:12  Roach x2  
  163  11:13  Roach  
  163  11:15  Roach x2  
  163  11:16  Roach x2  
  171  11:20  Overlord  
  171  11:21  Drone x7  
  171  11:23  Zerg Flyer Weapons Level 2  
  171  11:24  Roach  
  171  11:25  Roach x3  
  186  11:33  Drone x4  
  186  11:35  Nydus Network  
  186  11:36  Queen  
  191  11:45  Drone x7  
  191  11:47  Drone  
  199  11:48  Zerg Ground Armor Level 1  
  199  11:52  Overlord  
  199  11:57  Infestation Pit  
  198  12:07  Drone  
  198  12:08  Extractor x2  
  197  12:29  Hatchery  
  196  12:43  Nydus Canal  
  193  12:49  Drone x3  
  192  12:57  Drone  
  192  12:58  Drone x2  
  195  13:01  Spore Crawler  
  194  13:07  Hive  
  194  13:09  Queen  
  196  13:13  Overlord  
  182  13:39  Roach  
  182  13:40  Roach x21  
  200  14:06  Nydus Canal  
  200  14:07  Hatchery  
  199  14:16  Roach x19  
  190  14:17  Ravager  
  190  14:18  Ravager x9  
  200  14:29  Zergling x4  
  198  14:33  Zergling x2  
  198  14:35  Zergling x6  
  198  14:36  Roach x3  
  198  14:37  Roach x5  
  198  14:38  Roach  
  176  14:39  Roach x3  
  176  14:40  Ravager  
  176  14:41  Ravager x3  
  176  14:42  Ravager x3  
Show
View Real Time Build Order
Export as new Build Order

piglet Terran - Winner!

Build Orders: Gas First Reaper Expand, Mech, Banshee Rush 

Get SALT Encoding   

  12  0:00  SCV  
  13  0:12  SCV  
  14  0:16  Supply Depot  
  14  0:24  SCV  
  15  0:28  Refinery  
  15  0:38  SCV  
  16  0:44  Barracks  
  16  0:50  SCV  
  17  1:02  SCV  
  18  1:14  SCV  
  19  1:31  Reaper, Orbital Command  
  20  1:44  Command Center  
  20  1:55  Factory  
  20  1:58  SCV  
  21  2:07  Barracks Reactor  
  21  2:09  Refinery  
  21  2:10  SCV  
  22  2:17  Supply Depot  
  22  2:23  SCV  
  23  2:38  SCV  
  23  2:41  Starport  
  24  2:49  Marine x2  
  24  2:50  SCV  
  27  2:52  Factory Tech Lab  
  27  2:58  Orbital Command  
  27  3:02  SCV  
  28  3:07  Marine x2  
  28  3:12  Siege Tank  
  32  3:19  Bunker  
  32  3:20  Starport Tech Lab  
  32  3:22  SCV  
  32  3:24  SCV  
  34  3:28  Marine  
  34  3:29  Marine  
  36  3:34  SCV  
  36  3:36  SCV  
  36  3:40  Supply Depot  
  37  3:45  Banshee  
  37  3:48  SCV  
  41  3:51  SCV  
  42  3:55  Cloaking Field  
  44  4:03  SCV  
  44  4:05  Supply Depot  
  43  4:15  Command Center  
  43  4:16  SCV  
  44  4:22  SCV  
  45  4:28  Banshee  
  48  4:33  SCV  
  48  4:34  SCV, Armory  
  50  4:39  Refinery  
  50  4:41  Widow Mine  
  50  4:44  Marine  
  53  4:46  SCV  
  53  4:47  SCV  
  53  4:51  Supply Depot  
  55  5:00  SCV x2  
  57  5:10  Refinery  
  57  5:12  SCV x2  
  59  5:19  Engineering Bay  
  59  5:21  Thor  
  59  5:25  Medivac  
  59  5:26  SCV x2  
  69  5:29  Supply Depot  
  69  5:33  Orbital Command  
  69  5:38  SCV x2  
  71  5:44  Terran Vehicle Weapons Level 1  
  71  5:48  Missile Turret  
  71  5:51  SCV x2, Missile Turret  
  71  5:54  Missile Turret  
  73  6:00  SCV  
  73  6:03  SCV  
  73  6:04  Thor  
  75  6:05  SCV  
  75  6:08  Supply Depot  
  75  6:09  Orbital Command  
  82  6:15  SCV  
  83  6:20  SCV  
  83  6:25  Refinery  
  84  6:27  SCV, Missile Turret, Factory  
  84  6:30  Factory  
  86  6:32  SCV  
  86  6:33  Refinery  
  86  6:34  SCV, Supply Depot  
  86  6:39  SCV  
  88  6:44  SCV  
  88  6:46  SCV, Supply Depot  
  90  6:47  Siege Tank  
  90  6:50  Liberator  
  90  6:52  SCV  
  97  6:56  Supply Depot  
  97  6:57  SCV, Armory  
  97  6:58  SCV, Thor  
  97  6:59  Thor  
  99  7:02  Infernal Pre-Igniter  
  99  7:04  SCV  
  100  7:09  SCV  
  100  7:10  SCV  
  100  7:13  Hellion x2  
  106  7:16  SCV  
  106  7:19  Supply Depot  
  107  7:25  Siege Tank  
  107  7:26  Siege Tank  
  113  7:34  Hellion  
  115  7:38  Command Center  
  115  7:41  Hellion  
  114  7:45  Starport Reactor, Terran Vehicle Weapons Level 2  
  114  7:47  Terran Vehicle And Ship Armor Level 1  
  114  7:49  SCV x2  
  116  7:52  Missile Turret  
  116  7:57  Smart Servos, Thor  
  122  8:05  SCV  
  122  8:09  Supply Depot  
  122  8:10  Siege Tank  
  122  8:11  Hellion x2  
  130  8:24  Viking  
  128  8:32  Hellion  
  128  8:33  Hellion  
  105  8:40  Siege Tank  
  105  8:41  SCV x2  
  91  8:42  Siege Tank  
  91  8:43  SCV  
  95  8:53  SCV x2, Hellion  
  95  8:54  Hellion  
  100  8:57  Supply Depot  
  100  9:01  SCV  
  98  9:05  SCV x2, Orbital Command  
  100  9:12  Siege Tank  
  100  9:13  SCV  
  100  9:14  Factory  
  100  9:15  Hellion x2, Factory, Supply Depot  
  100  9:16  Hellion  
  110  9:17  SCV x2  
  112  9:25  SCV, Hellion x6  
  112  9:29  SCV x2  
  113  9:33  SCV  
  113  9:36  Hellion, Siege Tank  
  113  9:37  SCV, Liberator x2  
  126  9:40  Supply Depot  
  126  9:41  SCV x2  
  126  9:45  SCV, Hellion  
  131  9:50  Siege Tank  
  134  9:53  Terran Vehicle And Ship Armor Level 2  
  134  10:01  Factory Tech Lab  
  134  10:02  Factory Reactor  
  134  10:03  Hellion  
  136  10:08  Terran Vehicle Weapons Level 3, Supply Depot  
  139  10:17  Orbital Command  
  139  10:20  Viking x2  
  145  10:26  Thor  
  146  10:31  Missile Turret  
  146  10:32  Missile Turret, Thor  
  146  10:35  Missile Turret  
  142  10:36  Hellion  
  142  10:38  Hellion  
  142  10:41  Hellion  
  142  10:42  Missile Turret  
  146  10:44  Missile Turret  
  144  10:53  Thor  
  144  10:54  Hellion  
  154  10:57  Hellion  
  154  10:59  Hellion  
  154  11:01  SCV x3  
  159  11:05  Refinery  
  159  11:06  Viking  
  159  11:08  Hellion  
  159  11:13  SCV  
  159  11:18  SCV  
  154  11:20  Refinery, Thor  
  154  11:24  SCV x2  
  162  11:28  SCV  
  162  11:30  SCV  
  162  11:32  Hellion x2  
  168  11:34  Missile Turret  
  168  11:37  Hellion  
  168  11:38  Hellion  
  170  11:43  SCV, Siege Tank  
  172  11:48  Refinery, Siege Tank  
  172  11:49  Missile Turret  
  175  11:59  Hellion  
  177  12:03  Hellion  
  179  12:11  Supply Depot, Terran Vehicle And Ship Armor Level 3  
  179  12:12  Supply Depot  
  179  12:20  Siege Tank  
  180  12:29  Supply Depot  
  180  12:33  Hellion, Sensor Tower, Siege Tank x2  
  188  12:45  Viking  
  188  12:46  Hellion  
  192  12:52  Thor  
  192  12:57  Factory  
  196  12:59  Factory  
  196  13:00  Factory  
  196  13:05  Hellion  
  198  13:15  Hellion  
  200  13:24  Command Center  
  200  13:32  Hellion  
  192  13:34  Thor  
  192  13:35  Hellion x13  
  192  13:37  Hellion  
  200  13:48  Factory Tech Lab x3  
  200  14:12  Command Center  
  200  14:14  Command Center  
  200  14:17  Thor  
  200  14:35  Hellion  
  200  14:37  Hellion  

Tags
 
Add a new tag
Caveats
  • Supply blocks, unpowered buildings, or Contaminate may cause inaccurate times.
  • Supply counts are checked every 10 seconds.